 Dungeon Crawl Stone Soup version 0.20-a0-983-g35de22d (webtiles) character file.

7 M4edhros the Grave Robber (level 1, -9/9 HPs)
             Began as a Spriggan Necromancer on Apr 10, 2017.
             Killed from afar by Ijyb (13 damage)
             ... with a wand of lightning (?/15)
             ... on level 3 of the Dungeon.
             The game lasted 00:01:00 (279 turns).

M4edhros the Grave Robber (Spriggan Necromancer)     Turns: 279, Time: 00:01:00

Health: -9/9       AC:  2    Str:  4    XL:     1   Next: 83%
Magic:  0/5        EV: 18    Int: 16    God:
Gold:   42         SH:  0    Dex: 16    Spells: 3/5 levels left

rFire    . . .     SeeInvis +   (weapon restricted)
rCold    . . .     Gourm    .   (shield restricted)
rNeg     . . .     Faith    .   a - +0 robe
rPois    .         Spirit   .   (helmet restricted)
rElec    .         Reflect  .   (no cloak)
rCorr    .         Harm     .   (gloves unavailable)
MR       .....                  (boots unavailable)
Stlth    ++........             (no amulet)
Regen    0.1/turn               (no ring)
MPRegen  0.1/turn               (no ring)

@: very quick
A: unfitting armour, see invisible, herbivore 3, speed 3, slow metabolism 2
a: no special abilities


You were on level 3 of the Dungeon.
You were not hungry.

You visited 1 branch of the dungeon, and saw 3 of its levels.

You collected 42 gold pieces.

Inventory:

Armour
 a - a +0 robe (worn)
Scrolls
 d - a scroll of remove curse {unknown}
 e - 2 scrolls of identify {unknown}
 f - a scroll of teleportation {unknown}
 g - a scroll of noise {unknown}
Books
 b - a book of Necromancy

   Spells                             Type                      Level
   a - Pain                           Necromancy                   1
   b - Animate Skeleton               Necromancy                   1
   c - Vampiric Draining              Necromancy                   3
   d - Regeneration                   Charms/Necromancy            3
   e - Animate Dead                   Necromancy                   4
   f - Control Undead                 Necromancy                   4
Comestibles
 c - 2 bread rations


   Skills:
 - Level 3.0 Dodging
 - Level 3.0 Stealth
 * Level 0.8 Unarmed Combat
 - Level 2.6 Spellcasting
 + Level 3.7 Necromancy


You had 3 spell levels left.
You knew the following spells:

 Your Spells              Type           Power        Failure   Level  Hunger
a - Pain                  Necr           ##..         6%          1    #......
b - Animate Skeleton      Necr           N/A          6%          1    #......


Dungeon Overview and Level Annotations

Branches:
Dungeon (3/15)

Altars:
Nemelex Xobeh

Annotations:
D:3 Ijyb


Innate Abilities, Weirdness & Mutations

You are very small and have problems with some larger weapons.
You are too small for most types of armour.
You have supernaturally acute eyesight. (SInv)
You are a herbivore.
You cover ground extremely quickly.
You need consume almost no food.


Message History

Casting: Pain
Confirm with . or Enter, or press ? or * to list all spells.
Aiming: Pain
Press: ? - help, Shift-Dir - straight line, f/p - Ijyb
Aim: Ijyb, wielding a dagger of venom and wearing a scale mail (moderately wounded, chance to defeat MR: 79%) Ijyb writhes in agony!
Casting: Pain
Confirm with . or Enter, or press ? or * to list all spells.
Aiming: Pain
Press: ? - help, Shift-Dir - straight line, f/p - Ijyb
Aim: Ijyb, wielding a dagger of venom and wearing a scale mail (severely wounded, chance to defeat MR: 79%) Ijyb writhes in agony!
Casting: Pain
Confirm with . or Enter, or press ? or * to list all spells.
Aiming: Pain
Press: ? - help, Shift-Dir - straight line, f/p - Ijyb
Aim: Ijyb, wielding a dagger of venom and wearing a scale mail (almost dead, chance to defeat MR: 79%) Ijyb barely resists.
Ijyb zaps a wand.
The bolt of lightning hits you!
Ouch! That really hurt!
You die...

## ###
######### .
... #....g..#
###.#.#
#.####.##
...#.# #.##.#
...# #.##.#
##.####
#....#
#.@.g.#
#g####
#.###.# #.#
#.###.#####.#
#....<......#
#####.#####.#
### ###


You could see Ijyb.

Vanquished Creatures
  A ball python (D:1)
  A goblin (D:1)
  2 kobolds
  2 frilled lizards
  A rat (D:1)
7 creatures vanquished.

Notes
Turn   | Place    | Note
-------+----------+-------------------------------------------
     0 | D:1      | M4edhros the Spriggan Necromancer began the quest for the Orb.
     0 | D:1      | Reached XP level 1. HP: 9/9 MP: 5/5
   119 | D:1      | Learned a level 1 spell: Animate Skeleton
   167 | D:1      | Found a sparkling altar of Nemelex Xobeh.
   251 | D:3      | Noticed Ijyb
   279 | D:3      | Killed from afar by Ijyb

Vault maps used:
D:1:      minmay_arrival_three_doors, nemelex_diamond_rough_becter
D:2:      uniq_crazy_yiuf_cottage
D:3:      nicolae_overflow_hidden_temple, first_bread, minmay_fountain_box,
          kennysheep_donut, minmay_misc_feat_five, uniq_iyjb

Action                   || total
-------------------------++-------
 Cast: Pain              ||    15
       Animate Skeleton  ||     2
  Use: Potion            ||     1
Dodge: Dodged            ||     1
